 Dungeon Crawl Stone Soup version 0.27-a0-824-gca8104f8d5 (webtiles) character file.

Game seed: 119666934003778504

46 LabCoat the Chopper (level 3, -1/33 HPs)
             Began as a Hill Orc Fighter on Mar 30, 2021.
             Killed by nerve-wracking pain
             ... invoked by Grinder
              (12 damage)
             ... on level 4 of the Dungeon.
             The game lasted 00:04:37 (1595 turns).

LabCoat the Chopper (Hill Orc Fighter)              Turns: 1595, Time: 00:04:38

Health: -1/33      AC:  6    Str: 19    XL:     3   Next: 66%
Magic:  3/3        EV:  7    Int:  8    God:
Gold:   92         SH:  9    Dex: 10    Spells: 2/2 levels left

rFire    . . .     SeeInvis .   a - +0 war axe
rCold    . . .     Faith    .   c - +0 kite shield
rNeg     . . .     Spirit   .   b - +0 scale mail
rPois    .         Reflect  .   (no helmet)
rElec    .         Harm     .   (no cloak)
rCorr    .         Rampage  .   (no gloves)
Will     .....                  (no boots)
Stlth    ..........             (no amulet)
HPRegen  0.11/turn              (no ring)
MPRegen  0.08/turn              (no ring)

@: mighty
A: no striking features
a: no special abilities


You were on level 4 of the Dungeon.
You visited 1 branch of the dungeon, and saw 3 of its levels.

You collected 92 gold pieces.

Inventory:

Hand Weapons
 a - a +0 war axe (weapon)
Missiles
 g - a throwing net (quivered)
Armour
 b - a +0 scale mail (worn)
 c - a +0 kite shield (worn)
Scrolls
 f - 2 scrolls of amnesia {unknown}
 j - a scroll of acquirement {unknown}
 n - a scroll of silence {unknown}
 o - a scroll of enchant armour {unknown}
Potions
 e - a potion of brilliance
 h - a potion of cancellation
 k - a potion of curing {unknown}
 l - a potion of heal wounds {unknown}
 m - a potion of lignification {unknown}


   Skills:
 + Level 4.0 Fighting
 * Level 4.2 Axes
 + Level 3.5 Armour
 + Level 3.6 Shields


You had 2 spell levels left.
You didn't know any spells.
Your spell library contained the following spells:

 Spells                   Type           Power      Damage    Failure   Level
 Animate Skeleton         Necr           0%         N/A       99%         1
 Apportation              Tloc           0%         N/A       99%         1
 Corona                   Hex            0%         N/A       99%         1
 Summon Small Mammal      Summ           0%         N/A       99%         1


Dungeon Overview and Level Annotations

Branches:
Dungeon (2/15)

Altars:
Sif Muna

Annotations:
D:4 Grinder


Message History

The jackal barks!
Your shield and scale mail prevent you from hitting the jackal.
The jackal closely misses you.
The jackal bites you but does no damage.
You slash the jackal!
You kill the jackal!
Grinder comes into view.
She is carrying a wand of polymorph (8).
Grinder hits you!
You writhe in agony.
You hit Grinder.
Grinder is lightly wounded.
You closely miss the jackal. You miss the jackal.
The jackal bites you but does no damage.
Grinder zaps a wand.
You resist with significant effort.
You block the jackal's attack. x2; Grinder blinks!
You completely miss the jackal. You slash the jackal!
You kill the jackal!
You closely miss the jackal. The jackal bites you.
The jackal barely misses you.
Grinder blinks!
The jackal closely misses you. You block the jackal's attack.
You hit Grinder.
Grinder is lightly wounded.
You closely miss the jackal. You hit the jackal. The jackal closely misses you.
You block the jackal's attack. Grinder closely misses you.
The jackal bites you but does no damage.
You block the jackal's attack. Grinder hits you.
You writhe in agony.
You are too injured to fight recklessly!
You are too injured to fight recklessly!
You feel very mighty all of a sudden.
The jackal bites you but does no damage.
You block the jackal's attack. You block Grinder's attack.
You block the jackal's attack.
The jackal bites you but does no damage.
You hit Grinder.
Grinder is lightly wounded.
You slash the jackal!
You kill the jackal!
You closely miss the jackal. You block the jackal's attack.
Grinder gestures at you. Pain shoots through your body!
You die...

..##########
........5..#
#.@# +..h#
#...# #...#
#...# #...#
..... ######


You could see Grinder and a jackal.

Vanquished Creatures
  An adder (D:2)
  2 dart slugs (D:2)
  An endoplasm (D:2)
  2 hobgoblins
  5 jackals
  2 kobolds
  3 ball pythons
  6 bats
  5 frilled lizards
  3 goblins
  6 rats
36 creatures vanquished.

Notes
Turn   | Place    | Note
-------+----------+-------------------------------------------
     0 | D:1      | LabCoat the Hill Orc Fighter began the quest for the Orb.
     0 | D:1      | Reached XP level 1. HP: 19/19 MP: 1/1
   333 | D:1      | Reached XP level 2. HP: 27/27 MP: 2/2
  1016 | D:2      | Found a shimmering blue altar of Sif Muna.
  1193 | D:2      | Reached XP level 3. HP: 33/33 MP: 3/3
  1587 | D:2      | You fall into a shaft and drop 2 floors!
  1589 | D:4      | Noticed Grinder
  1595 | D:4      | Killed from afar by Grinder

Illustrated notes

Levels and vault maps discovered:
D:1:      tarquinn_simple_flora_water_d, layout_basic, serial_rivers,
          chequers_serial_rivers_micro_b, chequers_serial_rivers_small_3,
          chequers_serial_rivers_micro_b, chequers_serial_rivers_small_b,
          chequers_serial_rivers_micro_e, chequers_serial_rivers_small_a,
          st_stairs_14, minivault_27
D:2:      layout_basic, lemuel_doored_altar, serial_shops, nicolae_shop_trees,
          hangedman_decor_opposing
D:4:      kennysheep_spiral_hall, layout_basic, uniq_grinder, uniq_sigmund

Skill      XL: |  1  2  3 |
---------------+----------+-----
Axes           | 3 4 |  4.2
Fighting       | 4 |  4.0
Armour         | |  3.5
Shields        | |  3.6

Action                   || total
-------------------------++-------
Melee: War axe           ||   100
Throw: Throwing net      ||     1
  Use: Scroll            ||     4
       Potion            ||     1
Armor: Scale mail        ||    63
Dodge: Dodged            ||    43
Block: Kite shield       ||    60

Table legend: (Time is in decaauts)
 A = Elapsed time spent in this place.
 B = Non-inter-level travel time spent in this place.
 C = Inter-level travel time spent in this place.
 D = Time resting spent in this place.
 E = Time spent auto-exploring this place.
 F = Levels seen in this place.
 G = Mean time per level.
                   A        B        C        D        E       F      G
               +--------+--------+--------+--------+--------+-----+--------+
         Total |   1659 |   1634 |     25 |    327 |   1014 |   3 |  553.0 |
       Dungeon |   1659 |   1634 |     25 |    327 |   1014 |   3 |  553.0 |
               +--------+--------+--------+--------+--------+-----+--------+

Top non-repeatable levels by time:
     D:1: 874 daAuts
     D:2: 775 daAuts
     D:4: 10 daAuts
